 Dungeon Crawl Stone Soup version 0.25-a0-614-g73ad250637 (webtiles) character file.

Game seed: 10391733223187486753, levelgen mode: deterministic

134 kae the Insei (level 4, -13/37 HPs)
             Began as a Demonspawn Monk on Mar 17, 2020.
             Mangled by a gnoll
             ... wielding a +0 halberd
              (15 damage)
             ... on level 3 of the Dungeon.
             The game lasted 00:01:24 (2598 turns).

kae the Insei (Demonspawn Monk)                     Turns: 2598, Time: 00:01:24

Health: -13/37     AC:  2    Str: 12    XL:     4   Next: 95%
Magic:  0/4        EV: 13    Int: 12    God:
Gold:   60         SH:  0    Dex: 15    Spells: 3/3 levels left

rFire    . . .     SeeInvis .     - Unarmed
rCold    . . .     Gourm    .   (no shield)
rNeg     . . .     Faith    .   a - +0 robe
rPois    .         Spirit   +   (no helmet)
rElec    .         Reflect  .   (no cloak)
rCorr    .         Harm     .   (no gloves)
MR       .....                  (no boots)
Stlth    ++........             (no amulet)
HPRegen  0.12/turn              (no ring)
MPRegen  0.09/turn              (no ring)

@: no status effects
A: hooves 2, magic shield
a: no special abilities


You were on level 3 of the Dungeon.
You were not hungry.

You visited 1 branch of the dungeon, and saw 3 of its levels.

You collected 60 gold pieces.

Inventory:

Armour
 a - a +0 robe (worn)
Jewellery
 h - an uncursed ring of flight {unknown}
 j - an uncursed ring of stealth {unknown}
Scrolls
 c - a scroll of blinking {unknown}
 f - 2 scrolls of noise {unknown}
 g - 2 scrolls of identify {unknown}
Potions
 e - a potion of lignification {unknown}
 i - a potion of ambrosia {unknown}
 k - a potion of mutation {unknown}
Comestibles
 b - 2 rations


   Skills:
 + Level 4.0 Fighting
 - Level 2.6 Dodging
 - Level 1.7 Stealth
 * Level 4.5 Unarmed Combat


You had 3 spell levels left.
You didn't know any spells.
Your spell library was empty.

Dungeon Overview and Level Annotations

Branches:
Dungeon (3/15)

Altars:


Innate Abilities, Weirdness & Mutations

You have hoof-like feet.
When hurt, damage is shared between your health and your magic reserves.


Message History

You hit the gnoll but do no damage.
The gnoll is lightly wounded.
The gnoll hits you with a +0 halberd!
* * * LOW HITPOINT WARNING * * *
You hit the gnoll.
The gnoll is moderately wounded.
The gnoll closely misses you.
You punch the gnoll!
The gnoll is severely wounded.
The gnoll barely misses you.
You barely miss the gnoll. Your kick misses the gnoll.
The gnoll is severely wounded.
Okay, then.
You closely miss the gnoll.
The gnoll is severely wounded.
The gnoll closely misses you.
You barely miss the gnoll. Your punch misses the gnoll.
The gnoll is severely wounded.
The gnoll hits you with a +0 halberd!
You die...

.#####.###.#####.#.##
.[...........###.###.#
..#####.###.....## ##.
#......#.## ##
#####.....## ##.
#...##.###.#
#...###.#.##
#.########...# ##.##
#..g@).......# ###
###########....#
##.#.# #.#.# #.# # .#


You could see a gnoll.

Vanquished Creatures
  An orc priest (D:3)
  2 adders (D:2)
  3 gnolls (D:3)
  A shadow imp (D:2)
  An ooze (D:3)
  A dart slug (D:1)
  A leopard gecko (D:1)
  2 orcs (D:3)
  2 ball pythons (D:2)
  A giant cockroach (D:2)
  2 goblins
  4 hobgoblins
  8 jackals (D:2)
  2 kobolds (D:2)
  2 bats
  2 frilled lizards (D:2)
  6 rats
41 creatures vanquished.

Vanquished Creatures (others)
  An orc (D:3)
1 creature vanquished.

Grand Total: 42 creatures vanquished

Notes
Turn   | Place    | Note
-------+----------+-------------------------------------------
     0 | D:1      | kae the Demonspawn Monk began the quest for the Orb.
     0 | D:1      | Reached XP level 1. HP: 18/18 MP: 1/1
   218 | D:1      | Gained mutation: You have large cloven feet. [demonic
                  | ancestry]
   218 | D:1      | Reached XP level 2. HP: 24/24 MP: 2/2
  1180 | D:2      | Gained mutation: When hurt, damage is shared between your
                  | health and your magic reserves. [demonic ancestry]
  1180 | D:2      | Reached XP level 3. HP: 27/29 MP: 3/3
  1507 | D:2      | HP: 1/29 [poisoned by an adder]
  2260 | D:3      | Gained mutation: You have hoof-like feet. [demonic
                  | ancestry]
  2260 | D:3      | Reached XP level 4. HP: 34/37 MP: 4/4
  2593 | D:3      | HP: 1/37 [gnoll/+0 halberd (12)]
  2598 | D:3      | Mangled by a gnoll

Levels and vault maps discovered:
D:1:      sevenhm_arrival_forest_fort_large_4, layout_basic
D:2:      layout_basic
D:3:      layout_loops_ring, fiery_altar_vehumet, uniq_natasha

Skill      XL: |  1  2  3  4 |
---------------+-------------+-----
Unarmed Combat | 3 4 |  4.5
Fighting       | 4 |  4.0
Dodging        | |  2.6
Stealth        | |  1.7

Action                   |  1- 3 |  4- 6 || total
-------------------------+-------+-------++-------
Melee: Unarmed           |   124 |    36 ||   160
       Punch             |     3 |     1 ||     4
       Kick              |    17 |    10 ||    27
  Use: Scroll            |     1 |       ||     1
       Potion            |     2 |       ||     2
 Stab: Sleeping          |     5 |       ||     5
  Eat: Chunk             |     4 |     1 ||     5
Armor: Robe              |    19 |     1 ||    20
Dodge: Dodged            |    71 |    28 ||    99

Table legend:
 A = Non-vault XP
 B = Vault XP
 C = Vault XP percentage of total XP
 D = Non-vault monster count
 E = Vault monster count
 F = Vault count percentage of total count
                 A         B        C        D         E       F
            +---------+---------+-------+---------+---------+-------
      Total |     192 |       0 |   0.0 |      41 |       0 |   0.0
            +---------+---------+-------+---------+---------+-------
        D:1 |      19 |       0 |   0.0 |      10 |       0 |   0.0
        D:2 |      74 |       0 |   0.0 |      24 |       0 |   0.0
        D:3 |      99 |       0 |   0.0 |       7 |       0 |   0.0
            +---------+---------+-------+---------+---------+-------
